 Dungeon Crawl Stone Soup version 0.28.0 (webtiles) character file.

Game seed: 4021363249565397863

327 Orthodox the Skirmisher (level 6, -7/51 HPs)
             Began as a Demonspawn Fighter on Feb 8, 2022.
             Mangled by a steam dragon (8 damage)
             ... on level 4 of the Dungeon.
             The game lasted 00:13:14 (4444 turns).

Orthodox the Skirmisher (Demonspawn Fighter)        Turns: 4444, Time: 00:13:14

Health: -7/51      AC:  7    Str: 19    XL:     6   Next: 24%
Magic:  6/6        EV:  9    Int:  9    God:
Gold:   139        SH:  4    Dex: 12    Spells: 5/5 levels left

rFire   . . .      SeeInvis .   i - +2 whip (venom)
rCold   . . .      Faith    .   c - +0 buckler
rNeg    . . .      Spirit   .   b - +0 scale mail
rPois   .          Reflect  .   (no helmet)
rElec   .          Harm     .   l - +2 cloak
rCorr   .          Rampage  .   j - +0 pair of gloves
Will    .....                   (no boots)
Stlth   ..........              (no amulet)
HPRegen 0.00/turn               (no ring)
MPRegen 0.10/turn               (no ring)

@: inhibited regen
A: condensation shield, demonic touch 2, deformed body, inhibited regeneration
a: no special abilities


You were on level 4 of the Dungeon.
You visited 2 branches of the dungeon, and saw 6 of its levels.

You collected 139 gold pieces.

Inventory:

Hand Weapons
 a - a +0 flail
 i - a +2 whip of venom (weapon)
Armour
 b - a +0 scale mail (worn)
 c - a +0 buckler (worn)
 e - a +0 tower shield
 j - a +0 pair of gloves (worn)
 l - a +2 cloak (worn)
Jewellery
 h - an amulet of magic regeneration
Scrolls
 f - a scroll of identify
 g - 2 scrolls of fear
 k - a scroll of silence
 n - 2 scrolls of noise
Potions
 d - 3 potions of might


   Skills:
 + Level 5.4 Fighting
 + Level 4.4 Maces & Flails
 - Level 2.6 Armour
 - Level 2.6 Shields


You had 5 spell levels left.
You didn't know any spells.
Your spell library contained the following spells:

 Spells                   Type           Power      Damage    Failure   Level
 Summon Ice Beast         Ice/Summ       0%         N/A       100%        4
 Summon Mana Viper        Hex/Summ       0%         N/A       100%        5
 Monstrous Menagerie      Summ           0%         N/A       100%        7


Dungeon Overview and Level Annotations

Branches:
Dungeon (5/15)             Temple (1/1) D:4

Altars:
Ashenzari
Cheibriados
Fedhas
Gozag
Hepliaklqana
Kikubaaqudgha
Makhleb
Qazlal
Ru
Sif Muna
Trog
Xom
Yredelemnul
Zin

Annotations:
D:3 1 runed translucent door, Crazy Yiuf, Grinder


Innate Abilities, Weirdness & Mutations

A meltable shield of frost defends you. (SH +0)
Your touch may inflict irresistible damage on your foes.
Armour fits poorly on your strangely shaped body.
You do not regenerate when monsters are visible.


Message History

You block the iguana's attack.
You hit the iguana but do no damage.
The iguana is severely wounded.
You block the iguana's attack.
You hit the iguana.
The iguana looks as sick as possible!
The iguana is almost dead.
The iguana barely misses you.
You hit the iguana but do no damage.
The iguana looks as sick as possible!
The iguana is almost dead.
You kill the iguana!
You hit the steam dragon.
The steam dragon is poisoned.
The steam dragon is lightly wounded.
The steam dragon breathes steam at you. The ball of steam hits you!
Your condensation shield dissipates!
You barely miss the steam dragon.
The steam dragon is lightly wounded.
You are engulfed in a cloud of scalding steam.
The steam dragon bites you. You block the steam dragon's attack.
There is a stone staircase leading up here.
You are engulfed in a cloud of scalding steam.
You block the steam dragon's attack. The steam dragon closely misses you.
You climb upwards.
There is a stone staircase leading down here.
You hit the steam dragon.
The steam dragon is heavily wounded.
The steam dragon bites you.
* * * LOW HITPOINT WARNING * * *
The steam dragon claws you.
* * * LOW HITPOINT WARNING * * *
You hit the steam dragon.
The steam dragon is heavily wounded.
The steam dragon bites you!
* * * LOW HITPOINT WARNING * * *
The steam dragon claws you.
* * * LOW HITPOINT WARNING * * *
You whack the steam dragon!
The steam dragon is almost dead.
The steam dragon bites you!
You die...

#...#### #......# #...##.#
###.###.# #.....#.#
#############.....#.#
...##.........>...#.##########
##.##.####.##...D.......##...#
#.##.# #.##...@.#.....<..#.###
##..#.####.############.##.(...##
...............................##
#.....##...##.######.#####.......
..............# #.# #..#####
#.....##...#### #.# #..#####
##...####.## #.# #.......
##...###...## #.# #.######
.....##.#.#.### #.# #.#


You could see a steam dragon (very poisoned).

Vanquished Creatures
  A scorpion (D:4)
  A killer bee (D:4)
  A centaur skeleton (D:4)
  2 iguanas
  A howler monkey skeleton (D:4)
  4 adders
  A worm (D:2)
  9 orcs
  8 ball pythons
  6 endoplasms
  2 giant cockroaches
  10 goblins
  10 hobgoblins
  2 jackals (D:1)
  7 kobolds
  4 quokkas
  5 bats
  6 frilled lizards
  8 rats
88 creatures vanquished.

Vanquished Creatures (others)
  A plant (D:1)
1 creature vanquished.

Grand Total: 89 creatures vanquished

Notes
Turn   | Place    | Note
-------+----------+-------------------------------------------
     0 | D:1      | Orthodox the Demonspawn Fighter began the quest for the
                  | Orb.
     0 | D:1      | Reached XP level 1. HP: 18/18 MP: 1/1
   293 | D:1      | Gained mutation: A meltable shield of frost defends you.
                  | (SH +0) [demonic ancestry]
   293 | D:1      | Reached XP level 2. HP: 24/24 MP: 2/2
   831 | D:1      | Found a faded altar of an unknown god.
  1103 | D:1      | Reached XP level 3. HP: 28/29 MP: 3/3
  1787 | D:2      | Reached skill level 4 in Fighting
  2094 | D:2      | Gained mutation: Your touch may inflict minor irresistible
                  | damage on your foes. [demonic ancestry]
  2094 | D:2      | Reached XP level 4. HP: 37/37 MP: 4/4
  2348 | D:3      | Gained mutation: You do not regenerate when monsters are
                  | visible. [potion of mutation]
  2348 | D:3      | Gained mutation: Armour fits poorly on your strangely
                  | shaped body. [potion of mutation]
  2895 | D:3      | Found a runed translucent door.
  2896 | D:3      | Noticed Crazy Yiuf
  2970 | D:3      | Noticed Grinder
  3246 | D:4      | Noticed a scorpion
  3257 | D:4      | Killed a scorpion
  3258 | D:4      | Reached XP level 5. HP: 43/43 MP: 5/5
  3269 | D:4      | Found a staircase to the Ecumenical Temple.
  3282 | Temple   | Entered the Ecumenical Temple
  3833 | D:4      | Reached skill level 5 in Fighting
  4250 | D:5      | Entered Level 5 of the Dungeon
  4266 | D:4      | Gained mutation: Your touch may inflict irresistible damage
                  | on your foes. [demonic ancestry]
  4266 | D:4      | Reached XP level 6. HP: 38/51 MP: 6/6
  4422 | D:5      | Noticed a steam dragon
  4441 | D:4      | HP: 1/51 [steam dragon (5)]
  4444 | D:4      | Mangled by a steam dragon

Illustrated notes

Levels and vault maps discovered:
D:1:      wander_arrival_abandoned_jail, layout_loops_ring,
          nicolae_ecumenical_lake_church, minmay_misc_feat_tower, minivault_19,
          serial_bayou_pond_b, hangedman_feature_mirror,
          chequers_serial_rivers_micro_c
D:2:      layout_loops_cross, minmay_quantized
D:3:      layout_rooms, uniq_grinder, uniq_crazy_yiuf_cottage
D:4:      layout_loops_ring, minmay_temple_entry_wispy
D:5:      layout_gridville, mainiacjoe_overflow_tiny_flanked,
          portal_sewer_entry_a, uniq_pikel
Temple:   jpeg_temple_clearing

Skill      XL: |  1  2  3  4  5 |
---------------+----------------+-----
Maces & Flails | 2 3 4 |  4.4
Fighting       | 4 5 |  5.4
Armour         | |  2.6
Shields        | |  2.6

Action                   |  1- 3 |  4- 6 || total
-------------------------+-------+-------++-------
Melee: Flail             |   140 |    56 ||   196
       Whip              |       |    83 ||    83
  Use: Potion            |       |     6 ||     6
       Scroll            |       |     4 ||     4
Armor: Scale mail        |    47 |    38 ||    85
Dodge: Dodged            |    40 |    31 ||    71
Block: Buckler           |    60 |    57 ||   117
